 Dungeon Crawl Stone Soup version 0.32-a0-607-g64ea0e4219 (webtiles) character file.

Game seed: 13997875290087934419

4 GordonOverkill the Sneak (level 1, -1/13 HPs)
             Began as a Deep Elf Delver on Mar 4, 2024.
             Incinerated by a bombardier beetle (2 damage)
             ... with a burning spray
             ... on level 4 of the Dungeon.
             The game lasted 00:00:29 (83 turns).

GordonOverkill the Sneak (Deep Elf Delver)            Turns: 83, Time: 00:00:29

Health: -1/13      AC:  3    Str:  9    XL:     1   Next: 50%
Magic:  3/3        EV: 12    Int: 14    God:
Gold:   0          SH:  0    Dex: 16    Spells: 0/0 levels left

rFire   . . .        a - +0 spear
rCold   . . .        (no shield)
rNeg    . . .        b - +0 leather armour
rPois   .            (no helmet)
rElec   .            (no cloak)
rCorr   .            (no gloves)
SInv    .            (no boots)
Will    .....        (no amulet)
Stlth   ++           (no ring)
HPRegen 0.22/turn    (no ring)
MPRegen 0.08/turn

%: no passive effects
@: on fire, hasted, glowing, very quick
A: no striking features
a: no special abilities


You were on level 4 of the Dungeon.
You visited 1 branch of the dungeon, and saw 3 of its levels.

Inventory:

Hand Weapons
 a - a +0 spear (weapon)
Armour
 b - a +0 leather armour (worn)
Wands
 g - a wand of digging (3)
Scrolls
 c - a scroll of fog
 d - a scroll of revelation
 e - a scroll of fear
Potions
 h - a potion of curing {unknown}


   Skills:
 + Level 2.7 Fighting
 - Level 1.3 Polearms
 - Level 2.4 Dodging
 - Level 6.0 Stealth


You couldn't memorise any spells.
You didn't know any spells.
Your spell library was empty.

Dungeon Overview and Level Annotations

Branches:
Dungeon (6/15)
 Temple: D:4-7

Altars:


Message History

The adder is moderately wounded.
The bombardier beetle misses you.
You barely miss the adder.
The adder is moderately wounded.
The adder bites you.
You hit the adder.
The adder is heavily wounded.
The adder barely misses you. The bombardier beetle bites you.
* * * LOW HITPOINT WARNING * * *
You barely miss the adder.
The adder is heavily wounded.
The adder barely misses you.
You barely miss the adder.
The adder is heavily wounded.
The adder bites you.
* * * LOW HITPOINT WARNING * * *
The bombardier beetle barely misses you.
You barely miss the adder.
The adder is heavily wounded.
The adder barely misses you.
You closely miss the adder.
The adder is heavily wounded.
The adder misses you.
You hit the adder but do no damage.
The adder is heavily wounded.
The bombardier beetle bites you.
* * * LOW HITPOINT WARNING * * *
You closely miss the adder.
The adder is heavily wounded.
The adder barely misses you.
You hit the adder.
The adder is heavily wounded.
The adder closely misses you.
The bombardier beetle sprays incendiary fluid at you.
The burning spray hits you.
You are covered in liquid fire!
You barely miss the adder.
The adder is heavily wounded.
The liquid fire burns you!
You die...

#.# #.# ..#
#.# #.# #.#
##. #.# ..
#S# ## ##.
#@#
...##..###B##
..........>.#
#...........#
#........†..#
............#
#.....).....#
#...........#
#...........#


You could see a bombardier beetle and an adder.

Vanquished Creatures
  A giant cockroach (D:4)
  A goblin (D:4)
  A hobgoblin (D:4)
3 creatures vanquished.

Notes
Turn   | Place    | Note
-------+----------+-------------------------------------------
     0 | D:5      | GordonOverkill the Deep Elf Delver began the quest for the
                  | Orb.
     0 | D:5      | Reached XP level 1. HP: 13/13 MP: 3/3
    13 | D:6      | Noticed an ogre
    32 | D:5      | Noticed an iguana
    42 | D:4      | Noticed a bombardier beetle
    83 | D:4      | Incinerated by a bombardier beetle

Illustrated notes

Levels and vault maps discovered:
D:4:      cheibrodos_quashed, layout_rooms, serial_shops, shop,
          kennysheep_generic_room_13
D:5:      layout_basic, led_xom_imps, yredelemnul_altar_generic,
          dk_noncrumbling_2, grunt_ministairs_1
D:6:      layout_basic, gammafunk_ghost_smash,
          lightli_ossuary_entry_decrepit_ruins

Action                     || total
---------------------------++-------
  Melee: Spear             ||    32
    Use: Potion            ||     1
 Armour: Leather armour    ||    12
  Dodge: Dodged            ||    23

Table legend: (Time is in decaauts)
 A = Elapsed time spent in this place.
 B = Non-inter-level travel time spent in this place.
 C = Inter-level travel time spent in this place.
 D = Time resting spent in this place.
 E = Time spent auto-exploring this place.
 F = Levels seen in this place.
 G = Mean time per level.
                   A        B        C        D        E       F      G
               +--------+--------+--------+--------+--------+-----+--------+
         Total |     77 |     77 |      0 |      0 |      0 |   3 |   25.7 |
       Dungeon |     77 |     77 |      0 |      0 |      0 |   3 |   25.7 |
               +--------+--------+--------+--------+--------+-----+--------+

Top non-repeatable levels by time:
     D:4: 39 daAuts
     D:5: 26 daAuts
     D:6: 11 daAuts
